 Dungeon Crawl Stone Soup version 0.20.0-10-g0535bb4 (webtiles) character file.

117443 glosham the Bludgeoner (level 16, -13/136 HPs)
             Began as a Barachi Artificer on June 6, 2017.
             Was the Champion of Okawaru.
             Mangled by an orc warlord
             ... wielding a +2 great mace of draining
              (37 damage)
             ... on level 1 of the Orcish Mines on June 7, 2017.
             The game lasted 07:58:18 (33109 turns).

glosham the Bludgeoner (Barachi Artificer)         Turns: 33109, Time: 07:58:19

Health: -13/136    AC: 32    Str: 19    XL:     16   Next: 74%
Magic:  21/22      EV:  9    Int: 11    God:    Okawaru [******]
Gold:   1360       SH:  0    Dex: 15    Spells: 13/15 levels left

rFire    + . .     SeeInvis +   b - +7 great mace "Undeadhunter" {disrupt, rN+}
rCold    + . .     Gourm    .   (shield currently unavailable)
rNeg     + + .     Faith    .   X - +3 gold dragon scales
rPois    +         Spirit   .   U - +2 helmet {SInv}
rElec    .         Reflect  .   Y - +0 cloak {+Inv}
rCorr    .         Harm     .   V - +2 pair of gloves {archery}
MR       ++...                  W - +2 pair of boots {Fly}
Stlth    ..........             z - amulet of regeneration
Regen    0.8/turn               A - ring of protection from magic
MPRegen  0.2/turn               N - ring of positive energy

@: flying, very slightly contaminated, drained, invisible, slow
A: +LOS, swims, slowness 1, strong legs 2
a: Hop, Heroism, Finesse, Renounce Religion, Stop Flying


You were on level 1 of the Orcish Mines.
You worshipped Okawaru.
Okawaru was exalted by your worship.
You were hungry.

You visited 4 branches of the dungeon, and saw 24 of its levels.
You also visited: Labyrinth, Sewer and Ice Cave.

You collected 2102 gold pieces.
You spent 742 gold pieces at shops.

Inventory:

Hand Weapons
 a - the +8 dire flail "Feude" {crush, +Inv}
   (Okawaru gifted it to you on level 2 of the Lair of Beasts)

   It inflicts extra damage upon your enemies.
   It lets you turn invisible.
 b - the +7 great mace "Undeadhunter" (weapon) {disrupt, rN+}
   (You found it on level 12 of the Dungeon)

   It protects you from negative energy.
 c - a +0 blowgun
 w - a +6 triple crossbow of velocity
Missiles
 d - 245 bolts
 e - 12 curare-tipped needles
Armour
 j - +0 acid dragon scales
 M - the +3 hat of Pondering {ponderous, MR+ MP+10 Int+5}
   (You took it off Gastronok on level 9 of the Dungeon)

   It affects your intelligence (+5).
   It affects your resistance to hostile enchantments.
   It affects your magic capacity (+10).
 U - a +2 helmet of see invisible (worn)
 V - a +2 pair of gloves of archery (worn)
 W - a +2 pair of boots of flying (worn)
 X - +3 gold dragon scales (worn)
 Y - a +0 cloak of invisibility (worn)
Jewellery
 z - an amulet of regeneration (around neck)
 A - a ring of protection from magic (left hand)
 B - an uncursed ring of stealth
 C - an uncursed ring of protection from cold
 D - an uncursed ring of protection from cold
 E - an uncursed ring of protection from fire
 N - a ring of positive energy (right hand)
Wands
 g - a wand of paralysis (12/24)
 h - a wand of polymorph (11/24)
 i - a wand of scattershot (6/9)
Scrolls
 k - 7 scrolls of teleportation
 l - 2 scrolls of blinking
 m - 2 scrolls of fog
 n - 4 scrolls of fear
 o - 13 scrolls of remove curse
 p - 2 scrolls of identify
 q - 2 scrolls of immolation
Potions
 r - 8 potions of heal wounds
 s - 12 potions of curing
 t - 2 potions of magic
 u - 2 potions of resistance
 v - 6 potions of haste
 x - 5 potions of agility
 y - 4 potions of might
 F - a potion of cancellation
 G - 2 potions of berserk rage {!q}
 H - 5 potions of lignification
Miscellaneous
 I - a lightning rod (4/4)
 J - a phial of floods
 K - a lamp of fire
 L - a phantom mirror
Comestibles
 f - 11 bread rations
 P - 19 chunks of flesh


   Skills:
 - Level 15.4(14.4) Fighting
   Level 1.1(0.4) Short Blades
 * Level 18.5(17.4) Maces & Flails
 - Level 4.2(3.4) Crossbows
 - Level 11.0(10.1) Armour
 - Level 15.6(14.7) Dodging
 - Level 3.5(2.8) Stealth
 - Level 8.3(7.5) Invocations
 - Level 8.5(7.7) Evocations


You had 13 spell levels left.
You knew the following spells:

 Your Spells              Type           Power        Failure   Level  Hunger
W - Passwall              Tmut/Erth      #.........   100%        2    ###....


Dungeon Overview and Level Annotations

Branches:
Dungeon (15/15)            Temple (1/1) D:7            Lair (6/6) D:10
  Swamp (0/4) Lair:3       Spider (0/4) Lair:2        Slime (0/5) Lair:6
    Orc (2/2) D:10            Elf (0/3) Orc:2        Vaults (0/5) D:13
 Depths (0/5) D:15

Altars:
Ashenzari
Cheibriados
Fedhas
Kikubaaqudgha
Okawaru
Sif Muna
Uskayaw
Xom
Yredelemnul
Zin
The Shining One

Shops:
D:7 [   D:14 [   Orc:2 [(

Portals:
Trove: D:12 (give +7 demon whip)

Annotations:
Lair:6 1 exclusion


Innate Abilities, Weirdness & Mutations

Shadows flee at your approach. (+LOS)
You can swim through water.
You cover ground slowly.
You can hop longer distances.


Message History

Aiming: Paralyse
Press: ? - help, Shift-Dir - straight line, f - orc warlord
Aim: an orc warlord, wielding a great mace of draining and wearing a plate armour (lightly wounded, unusually strong, chance to defeat MR: 33%)
Okay, then.
You fade into invisibility!
You are very lightly contaminated with residual magic.
You are feeling hungry.
The troll barely misses you. x2; The troll claws you but does no damage.
The orc warlord closely misses you.
The orc warrior hits you but does no damage.
You hit the orc warlord.
The orc warlord is moderately wounded.
The troll bites you but does no damage. The troll barely misses you.
The troll claws you but does no damage.
The orc warlord hits you with a great mace of draining!
You partially resist.
You feel drained. The orc warrior hits you with a flail.
* * * LOW HITPOINT WARNING * * *
Things that are here:
a chain mail; a halberd Your gold dragon scales prevents you from hitting the orc warlord.
The orc warlord is lightly wounded.
You catch the helpless orc warlord completely off-guard!
You sock the orc warlord!
The orc warlord is moderately wounded.
You completely miss the orc warlord.
The orc warlord is moderately wounded.
The orc warrior closely misses you.
You catch the helpless orc warlord completely off-guard!
You sock the orc warlord!
The orc warlord is moderately wounded.
The orc warlord hits you with a great mace of draining!
* * * LOW HITPOINT WARNING * * *
You partially resist.
You feel drained.
* * * LOW HITPOINT WARNING * * *
The orc warrior barely misses you.
You barely miss the orc warlord.
The orc warlord is moderately wounded.
The orc warlord hits you with a great mace of draining!!!
You die...

### ##### ###.## #.#.##
##....###....##
##......#......## #
##....#.[#@.#....## #
#.#..##.Too##.....# #
####.....[.[......##
##..#.....###.....##
##....#.....#.....##
###....###...........##
##....#................##
##...###....#....###....#
##.#........#.....#....##


You could see an orc warlord, a troll and an orc warrior.

Vanquished Creatures
  Gastronok (D:9)
  A frost giant (IceCv)
  Nessos (D:15)
  Snorg (Lair:4)
  A minotaur (Lab)
  A great orb of eyes (D:13)
  4 vault guards (D:13)
  4 hydras
  3 centaur warriors
  Erica (Lair:2)
  6 two-headed ogres
  A tengu warrior (D:15)
  4 death yaks
  2 orc high priests (Orc:2)
  6 skeletal warriors
  Nergalle (Lair:2)
  4 unseen horrors
  A wizard (D:15)
  A flayed ghost (D:11)
  A phantasmal warrior (D:15)
  The ghost of no0bjke the Cleaver, a novice GrFi of Okawaru (D:7)
  A necromancer (D:15)
  2 deep elf magi
  7 ugly things
  4 orc knights
  A fire giant zombie (D:15)
  3 oklob plants (Lair:6)
  A manticore (D:15)
  3 cyclopes
  A stone giant skeleton (D:15)
  4 elephants (Lair:5)
  5 black mambas
  An ice statue (IceCv)
  Psyche (D:9)
  2 torpor snails
  20 spiny frogs
  A yaktaur (D:13)
  6 centaur skeletons
  A spriggan zombie (D:15)
  5 rime drakes
  An efreet (D:14)
  2 freezing wraiths (D:14)
  4 kobold demonologists
  6 komodo dragons
  27 orc warriors
  2 ice devils (Lair:5)
  A tengu conjurer (D:14)
  20 polar bears
  A hornet (D:10)
  5 trolls
  3 jumping spiders (Lair:2)
  5 tyrant leeches (Lair:6)
  15 dream sheep
  9 slime creatures
  25 blink frogs (Lair:6)
  A dream sheep (shapeshifter) (D:13)
  11 hippogriffs
  A vampire (D:14)
  4 wyverns
  2 redbacks
  A spriggan (D:10)
  5 shadows
  A deep troll skeleton (D:15)
  5 wraiths
  92 yaks
  Grum (D:10)
  A tarantella (shapeshifter) (D:13)
  13 fire bats (D:11)
  3 basilisks
  7 hungry ghosts
  A steam dragon (D:13)
  19 vampire mosquitoes
  Menkaure (D:6)
  3 wargs (D:10)
  A soldier ant (D:14)
  4 acid dragons
  2 hell hounds (D:10)
  9 porcupines
  13 water moccasins
  A swamp drake (Lair:3)
  8 ice beasts
  2 eyes of draining
  3 sky beasts
  A black bear (Lair:2)
  16 ogres
  2 phantoms
  40 wolves
  A centaur (D:6)
  25 crocodiles
  3 big kobolds
  32 bullfrogs
  5 scorpions
  4 wights (D:8)
  4 electric eels (Lair:3)
  9 howler monkeys
  6 crimson imps
  3 centaur zombies
  2 quasits
  A wyvern simulacrum (D:13)
  18 orc priests
  3 bullfrog skeletons
  6 bullfrog zombies
  4 hounds
  4 jellies
  27 orc wizards
  12 iguanas
  10 worker ants
  A hound skeleton (D:7)
  3 worker ant zombies
  15 gnolls
  7 adders
  A river rat (D:5)
  4 shadow imps
  An ooze (D:1)
  An adder zombie (D:6)
  An adder skeleton (D:5)
  2 worms
  2 dart slugs
  13 leopard geckos
  88 orcs
  8 giant cockroaches
  6 goblins
  4 hobgoblins
  22 jackals
  7 quokkas
  4 ball pythons
  64 bats
  19 frilled lizards
  19 kobolds
  12 rats
  2 fungi (Lair:2)
  5 plants
  3 withered plants (D:15)
1008 creatures vanquished.

Vanquished Creatures (collateral kills)
  Grinder (D:5)
  A crimson imp (D:5)
  A howler monkey skeleton (D:6)
  A river rat (D:5)
  A ball python (D:5)
  2 hobgoblins (D:3)
  A kobold (D:3)
8 creatures vanquished.

Vanquished Creatures (others)
  A kobold (D:10)
  36 fungi
  61 plants
98 creatures vanquished.

Grand Total: 1114 creatures vanquished

Notes
Turn   | Place    | Note
-------+----------+-------------------------------------------
     0 | D:1      | glosham the Barachi Artificer began the quest for the Orb.
     0 | D:1      | Reached XP level 1. HP: 15/15 MP: 3/3
   304 | D:3      | Reached skill level 2 in Fighting
   365 | D:3      | HP: 1/16 [hobgoblin/club (5)]
   690 | D:3      | Reached XP level 2. HP: 23/23 MP: 4/4
   746 | D:4      | Reached skill level 3 in Fighting
   858 | D:4      | Found an iron altar of Okawaru.
   863 | D:4      | Became a worshipper of Warmaster Okawaru
   954 | D:1      | Reached XP level 3. HP: 29/29 MP: 5/5
  1437 | D:1      | Reached skill level 4 in Fighting
  2225 | D:2      | Reached skill level 1 in Armour
  2225 | D:2      | Reached XP level 4. HP: 38/38 MP: 6/6
  2390 | D:2      | Found an iron altar of Okawaru.
  2433 | D:2      | Reached skill level 1 in Maces & Flails
  2922 | D:3      | Reached XP level 5. HP: 43/43 MP: 7/7
  3006 | D:3      | Reached skill level 2 in Maces & Flails
  3194 | D:3      | HP: 2/43 [gnoll/flail (10)]
  3377 | D:3      | Found a faded altar of an unknown god.
  3488 | D:3      | Reached skill level 3 in Maces & Flails
  4213 | D:4      | Reached skill level 4 in Maces & Flails
  4213 | D:4      | Reached XP level 6. HP: 31/49 MP: 8/8
  4419 | D:4      | Reached * piety under Okawaru
  4491 | D:4      | Reached skill level 5 in Maces & Flails
  4681 | D:5      | Entered Level 5 of the Dungeon
  4789 | D:5      | Reached XP level 7. HP: 50/55 MP: 9/9
  4832 | D:5      | Reached skill level 6 in Maces & Flails
  5155 | D:5      | Found a glowing drain.
  5155 | D:5      | Noticed Grinder
  5165 | D:5      | Reached ** piety under Okawaru
  5192 | D:5      | Killed Grinder
  5192 | D:5      | Reached skill level 7 in Maces & Flails
  5204 | Sewer    | Entered a sewer
  5696 | D:5      | HP: 4/55 [orc warrior/enchanted hand axe (11)]
  5700 | D:5      | Killed an orc warrior
  5700 | D:5      | Reached *** piety under Okawaru
  5700 | D:5      | Reached skill level 8 in Maces & Flails
  5700 | D:5      | Reached skill level 3 in Armour
  5700 | D:5      | Reached XP level 8. HP: 34/61 MP: 7/10
  6217 | D:5      | Reached skill level 5 in Fighting
  6266 | D:5      | Reached skill level 9 in Maces & Flails
  6484 | D:6      | Noticed Menkaure
  6513 | D:6      | Killed Menkaure
  6731 | D:6      | Reached **** piety under Okawaru
  6731 | D:6      | Reached skill level 6 in Fighting
  6961 | D:5      | Reached skill level 10 in Maces & Flails
  6961 | D:5      | Reached XP level 9. HP: 61/70 MP: 11/11
  7667 | D:6      | Reached skill level 7 in Fighting
  7935 | D:6      | Reached skill level 11 in Maces & Flails
  8266 | D:7      | Found a deep blue altar of Sif Muna.
  8358 | D:7      | Reached ***** piety under Okawaru
  8393 | D:7      | Reached skill level 12 in Maces & Flails
  8615 | D:7      | Found a staircase to the Ecumenical Temple.
  8631 | Temple   | Entered the Ecumenical Temple
  8669 | D:7      | Noticed no0bjke's ghost (novice GrFi)
  8690 | D:7      | Killed no0bjke's ghost
  8690 | D:7      | Reached skill level 4 in Armour
  8690 | D:7      | Reached XP level 10. HP: 77/80 MP: 10/12
  9310 | D:7      | Found Naefoz's Antique Armour Boutique.
  9334 | D:8      | Noticed a two-headed ogre
  9342 | D:8      | Killed a two-headed ogre
  9342 | D:8      | Reached skill level 13 in Maces & Flails
  9342 | D:8      | Reached skill level 5 in Armour
 10004 | D:8      | Found a blossoming altar of Fedhas.
 10005 | D:8      | Found a basalt altar of Yredelemnul.
 10194 | D:8      | Received a gift from Okawaru
 10767 | D:9      | Reached skill level 14 in Maces & Flails
 10899 | D:9      | Noticed Psyche
 10901 | D:9      | Reached skill level 1 in Invocations
 10902 | D:9      | Noticed a two-headed ogre
 10911 | D:9      | Killed a two-headed ogre
 10911 | D:9      | Reached skill level 3 in Invocations
 10911 | D:9      | Reached XP level 11. HP: 85/85 MP: 10/13
 10921 | D:9      | Killed Psyche
 10921 | D:9      | Reached skill level 4 in Invocations
 10936 | D:9      | Noticed a two-headed ogre
 10951 | D:9      | Killed a two-headed ogre
 10951 | D:9      | Reached skill level 5 in Invocations
 11220 | D:9      | Noticed Gastronok
 11308 | D:9      | Killed Gastronok
 11308 | D:9      | Reached ****** piety under Okawaru
 11308 | D:9      | Reached skill level 9 in Fighting
 11537 | D:9      | Noticed an unseen horror
 11541 | D:9      | Killed an unseen horror
 11541 | D:9      | Reached skill level 10 in Fighting
 11585 | D:9      | Received a gift from Okawaru
 11659 | D:9      | Reached skill level 6 in Armour
 11701 | D:9      | Reached skill level 3 in Dodging
 11851 | D:10     | Entered Level 10 of the Dungeon
 11879 | D:10     | Reached skill level 1 in Stealth
 11888 | D:10     | Found a staircase to the Lair.
 12239 | D:10     | Found a staircase to the Orcish Mines.
 12423 | D:10     | Noticed Grum
 12438 | D:10     | Noticed a two-headed ogre
 12451 | D:10     | Killed a two-headed ogre
 12451 | D:10     | Received a gift from Okawaru
 12451 | D:10     | Reached skill level 4 in Dodging
 12452 | D:10     | Got a warped helmet {god gift}
 12604 | D:9      | Identified the +1 helmet "Quded" {Dex+3} (Okawaru gifted it to you on level 10 of the Dungeon)
 12715 | D:10     | Killed Grum
 12715 | D:10     | Reached skill level 7 in Armour
 12731 | D:10     | Reached XP level 12. HP: 71/98 MP: 16/16
 13421 | D:7      | Bought a shiny chain mail for 195 gold pieces
 13431 | D:7      | Bought a glowing scale mail for 182 gold pieces
 13538 | Lair:1   | Entered Level 1 of the Lair of Beasts
 13658 | Lair:1   | Reached skill level 2 in Stealth
 14137 | Lair:2   | Reached skill level 4 in Evocations
 14167 | Lair:2   | Noticed Nergalle
 14177 | Lair:2   | Killed Nergalle
 14308 | D:10     | Learned a level 2 spell: Passwall
 14462 | D:5      | Reached skill level 6 in Invocations
 14806 | Lair:2   | Reached skill level 11 in Fighting
 14820 | Lair:2   | Noticed Erica
 15071 | Lair:2   | Killed Erica
 15618 | Lair:1   | Reached skill level 3 in Stealth
 16353 | Lair:2   | Found a hole to the Spider Nest.
 16524 | Lair:2   | Reached skill level 5 in Dodging
 16939 | Lair:1   | Reached skill level 8 in Armour
 16957 | Lair:2   | Received a gift from Okawaru
 16958 | Lair:2   | Got a bloodstained dire flail {god gift}
 16962 | Lair:2   | Identified the +8 dire flail "Feude" {crush, +Inv} (Okawaru gifted it to you on level 2 of the Lair of Beasts)
 17111 | Lair:3   | Reached skill level 15 in Maces & Flails
 17111 | Lair:3   | Reached skill level 5 in Evocations
 17648 | Lair:2   | Gained mutation: You can hop longer distances. [Barachi growth]
 17648 | Lair:2   | Reached XP level 13. HP: 92/107 MP: 17/17
 18004 | Lair:3   | Reached skill level 12 in Fighting
 18454 | Lair:3   | Received a gift from Okawaru
 18662 | Lair:3   | Found a staircase to the Swamp.
 18817 | Lair:3   | Reached skill level 6 in Dodging
 18956 | Lair:4   | Found a labyrinth entrance.
 18991 | Lab      | Entered a labyrinth
 19497 | Lab      | Noticed a minotaur
 19503 | Lab      | Killed a minotaur
 19509 | Lab      | Identified Viymad's Incunabulum of Entrancing Calling
 19792 | Lair:4   | Noticed Snorg
 19801 | Lair:4   | Killed Snorg
 20116 | Lair:4   | Reached skill level 6 in Evocations
 20263 | Lair:4   | Reached skill level 9 in Armour
 20502 | Lair:4   | Reached skill level 13 in Fighting
 20756 | Lair:5   | Reached skill level 7 in Invocations
 20887 | Lair:5   | Reached skill level 16 in Maces & Flails
 20977 | Lair:5   | Found a frozen archway.
 21145 | IceCv    | Entered an ice cave
 21265 | IceCv    | Reached XP level 14. HP: 118/118 MP: 19/19
 21281 | IceCv    | Received a gift from Okawaru
 21435 | IceCv    | Reached skill level 7 in Dodging
 22142 | IceCv    | Noticed a frost giant
 22156 | IceCv    | Reached skill level 7 in Evocations
 22216 | IceCv    | Killed a frost giant
 22224 | IceCv    | Got a shimmering quarterstaff
 22357 | Lair:5   | Identified the +6 quarterstaff "Syovveen" {crush, rF+ Int+4 Dex-2} (You found it in an ice cave)
 22676 | Lair:5   | Reached skill level 14 in Fighting
 23078 | Lair:4   | Reached skill level 10 in Armour
 23136 | Lair:6   | Entered Level 6 of the Lair of Beasts
 23677 | Lair:6   | Reached skill level 8 in Dodging
 23710 | Lair:6   | Received a gift from Okawaru
 24143 | Lair:6   | Reached XP level 15. HP: 91/127 MP: 20/20
 24420 | Lair:6   | Reached skill level 17 in Maces & Flails
 24657 | Lair:6   | Found a staircase to the Slime Pits.
 24678 | Lair:6   | Reached skill level 8 in Invocations
 25089 | Lair:6   | Reached skill level 8 in Evocations
 25258 | Lair:6   | Reached skill level 15 in Fighting
 26346 | D:11     | Received a gift from Okawaru
 26477 | D:11     | Found a snail-covered altar of Cheibriados.
 26506 | D:11     | Found a runed door.
 26567 | D:11     | Found a snail-covered altar of Cheibriados.
 26620 | D:11     | Found a shimmering altar of Xom.
 26723 | D:11     | Found a hide-covered altar of Uskayaw.
 26739 | D:11     | Identified the +6 scale mail "Mopteidoce" {*Corrode rPois rN+} (You found it on level 11 of the Dungeon)
 26751 | D:11     | Found an iron altar of Okawaru.
 26754 | D:11     | Reached skill level 11 in Armour
 26808 | D:11     | Found an iron altar of Okawaru.
 26844 | D:11     | Got a crude hat
 26849 | D:11     | Identified the +1 hat "Ziner" {Int+3} (You found it on level 11 of the Dungeon)
 27085 | D:12     | Reached skill level 1 in Crossbows
 27092 | D:12     | Reached skill level 2 in Crossbows
 27236 | D:12     | Reached skill level 3 in Crossbows
 27326 | D:12     | Found a portal to a secret trove of treasure.
 27562 | D:12     | Reached skill level 4 in Crossbows
 28641 | D:13     | Reached skill level 18 in Maces & Flails
 28906 | D:12     | Identified a scroll of acquirement
 28983 | D:13     | Reached skill level 9 in Dodging
 28983 | D:13     | Reached XP level 16. HP: 136/136 MP: 22/22
 29140 | D:13     | Received a gift from Okawaru
 29140 | D:13     | Reached skill level 10 in Dodging
 29253 | D:13     | Reached skill level 11 in Dodging
 29284 | D:13     | Found a gate to the Vaults.
 29772 | D:14     | Reached skill level 12 in Dodging
 29942 | D:14     | Found Dagausef's Armour Boutique.
 29955 | D:14     | Bought a +2 pair of boots of flying for 365 gold pieces
 30326 | D:14     | Found a blossoming altar of Fedhas.
 30347 | D:14     | Reached skill level 13 in Dodging
 30905 | D:15     | Entered Level 15 of the Dungeon
 31032 | D:15     | Found a staircase to the Depths.
 31041 | D:15     | Reached skill level 14 in Dodging
 31348 | D:15     | Noticed Nessos
 31354 | D:15     | Killed Nessos
 31354 | D:15     | Received a gift from Okawaru
 31354 | D:15     | Reached skill level 15 in Dodging
 31785 | D:15     | Found a glowing golden altar of the Shining One.
 32075 | Orc:1    | Entered Level 1 of the Orcish Mines
 32270 | Orc:2    | Entered Level 2 of the Orcish Mines
 32392 | Orc:2    | Found Xaets's Antique Armour Emporium.
 32392 | Orc:2    | Found a staircase to the Elven Halls.
 32501 | Orc:2    | Found Ismugg's Antique Weapon Shop.
 33109 | Orc:1    | Mangled by an orc warlord

Skill      XL: |  1  2  3  4  5  6  7  8  9 10 11 12 13 14 15 16 |
---------------+-------------------------------------------------+-----
Fighting       | 2 3 4 6 7 10 11 13 14 15 | 15.4
Armour         | 1 3 4 5 7 8 9 10 11 | 11.0
Maces & Flails | 1 4 5 8 10 12 14 15 16 18 | 18.5
Invocations    | 3 5 6 7 8 |  8.3
Dodging        | 4 5 6 8 9 15 | 15.6
Stealth        | 1 3 |  3.5
Evocations     | 5 6 7 8 |  8.5
Crossbows      | 4 |  4.2
Short Blades   | |  1.1

Action                   |  1- 3 |  4- 6 |  7- 9 | 10-12 | 13-15 | 16-18 || total
-------------------------+-------+-------+-------+-------+-------+-------++-------
Melee: Short sword       |   134 |       |       |       |       |       ||   134
       Spear             |       |    21 |     2 |       |       |       ||    23
       Flail             |       |   149 |   361 |   667 |       |       ||  1177
       Punch             |       |       |     1 |       |       |       ||     1
       Dire flail        |       |       |       |    62 |  1572 |   410 ||  2044
       Great mace        |       |       |       |       |    79 |   135 ||   214
 Fire: Triple crossbow   |       |       |       |       |    16 |    19 ||    35
Throw: Stone             |     3 |    30 |     3 |     7 |       |       ||    43
       Tomahawk          |       |       |     3 |     3 |       |       ||     6
       Javelin           |       |       |     2 |    21 |     3 |       ||    26
 Cast: Passwall          |       |       |       |     2 |     1 |       ||     3
Invok: Heroism           |       |       |     7 |     7 |     6 |       ||    20
       Finesse           |       |       |       |     3 |       |       ||     3
 Abil: Hop               |     1 |     2 |     4 |     4 |     4 |     2 ||    17
       Evoke Invisibilit |       |       |       |       |     4 |     3 ||     7
Evoke: Wand              |     8 |    12 |    16 |     8 |    21 |     3 ||    68
       Lamp of fire      |       |       |       |       |     1 |       ||     1
  Use: Scroll            |     7 |     6 |     5 |    14 |    11 |     2 ||    45
       Potion            |       |     1 |     2 |       |       |       ||     3
 Stab: Sleeping          |     1 |       |     1 |       |       |       ||     2
       Paralysed         |       |     1 |       |     1 |     2 |     2 ||     6
       Invisible         |       |       |       |       |     9 |     8 ||    17
  Eat: Chunk             |     5 |     9 |    14 |    27 |    39 |    17 ||   111
       Royal jelly       |       |       |     1 |     1 |     2 |       ||     4
       Fruit             |       |       |       |     6 |       |       ||     6
       Meat ration       |       |       |       |       |     1 |       ||     1
       Bread ration      |       |       |       |       |     1 |       ||     1
Armor: Leather armour    |    32 |       |       |       |       |       ||    32
       Ring mail         |       |    19 |       |       |    32 |       ||    51
       Scale mail        |       |    30 |   101 |       |       |       ||   131
       Plate armour      |       |       |     9 |   310 |   160 |       ||   479
       Skin              |       |       |       |     5 |       |       ||     5
       Gold dragon scale |       |       |       |       |   580 |   306 ||   886
Dodge: Dodged            |    71 |    89 |   131 |   160 |   374 |   170 ||   995

Table legend:
 A = Turns spent in this place as a percentage of turns spent in the entire game.
 B = Non-inter-level travel turns spent in this place as a percentage of non-inter-level travel turns spent in the entire game.
 C = Inter-level travel turns spent in this place as a percentage of turns spent in this place.
 D = Turns resting spent in this place as a percentage of non-inter-level travel turns spent in this place.
 E = Turns spent auto-exploring this place as a percentage of non-inter-level travel turns spent in this place.
 F = Non-inter-level travel turns spent in this place divided by the number of levels of this place that you've seen.
                   A       B       C       D       E      F
               +-------+-------+-------+-------+-------+----------------------
         Total | 100.0 | 100.0 |   0.7 |   2.3 |   0.4 | 710.9
       Dungeon |  61.5 |  61.4 |   0.8 |   1.9 |   0.5 | 785.7
        Temple |   0.0 |   0.0 |  16.7 |  40.0 |  20.0 |   5.0
          Lair |  27.5 |  27.5 |   0.7 |   2.9 |   0.3 | 880.7
  Orcish Mines |   4.3 |   4.3 |   0.4 |   1.6 |   0.5 | 414.0
     Labyrinth |   1.7 |   1.7 |   0.0 |   1.9 |   0.0 | 321.0
         Sewer |   0.7 |   0.7 |   0.0 |   4.2 |   0.7 | 142.0
      Ice Cave |   4.3 |   4.3 |   0.0 |   4.2 |   0.0 | 830.0
               +-------+-------+-------+-------+-------+----------------------

Table legend:
 A = Kills in this place as a percentage of kills in entire the game.
 B = Kills by you in this place as a percentage of kills by you in the entire game.
 C = Kills by friends in this place as a percentage of kills by friends in the entire game.
 D = Other kills in this place as a percentage of other kills in the entire game.
 E = Experience gained in this place as a percentage of experience gained in the entire game.
 F = Experience gained in this place divided by the number of levels of this place that you have seen.
                   A       B       C       D       E      F
               +-------+-------+-------+-------+-------+----------------------
         Total | 100.0 | 100.0 | 100.0 |  -nan | 100.0 | 6214.0
       Dungeon |  59.7 |  59.4 | 100.0 |  -nan |  47.9 | 5361.1
          Lair |  27.7 |  28.0 |   0.0 |  -nan |  38.3 | 10718.7
  Orcish Mines |   6.1 |   6.1 |   0.0 |  -nan |   4.6 | 3859.0
     Labyrinth |   0.4 |   0.4 |   0.0 |  -nan |   1.0 | 1666.0
         Sewer |   0.6 |   0.6 |   0.0 |  -nan |   0.1 | 117.0
      Ice Cave |   5.5 |   5.5 |   0.0 |  -nan |   8.1 | 13548.0
               +-------+-------+-------+-------+-------+----------------------

Vault maps used:
D:1:      saegor_arrival_under_anarchy
D:2:      first_bread, okawaru_trees_1
D:3:      chequers_ecumenical_altar_simple_redux
D:4:      kennysheep_little_box, serial_bayou_pond_a,
          minmay_a_box_with_orc_wizards_in_it
D:5:      portal_sewer_entry_b, lightli_corner_chamber, uniq_grinder
D:6:      minmay_diamond_boxcup, uniq_menkaure
D:7:      minmay_temple_entry_butterflies, serial_shops, kennysheep_mini,
          lemuel_blue_sif_altar
D:8:      gammafunk_temple_overflow_statue
D:9:      st_stairs_5, uniq_psyche, uniq_gastronok
D:10:     minmay_lair_entry_lava, minmay_orc_entry_guard_dogs,
          hangedman_stone_soup, uniq_grum
D:11:     due_megacathedral
D:12:     enter_trove_1, grunt_decor_cap, lemuel_flamethrower_hall
D:13:     lightli_vaults_fourway_checkpoint
D:14:     serial_shops, shop, minmay_misc_feat_plants, basic_altar,
          grunt_ministairs_15
D:15:     gammafunk_depths_entry_grave, serial_bayou_lagoon_a, tso_metal_star,
          uniq_nessos
Temple:   dpeg_five_rooms_temple
Lair:2:   spider_nest_entry_funnel_web, uniq_nergalle, uniq_erica
Lair:3:   lemuel_reptile_caves, swamp_mist_pool, serial_bayou_shore_a
Lair:4:   lab_entry_generic, beast_lair_carwin_2, uniq_snorg
Lair:5:   portal_ice_cave_demonic_guard, lemuel_fruit_tree,
          infiniplex_staircase_pool_2
Lair:6:   minmay_lair_end_frog_pond, minmay_slime_entry_oklob_enclosed
Orc:2:    grunt_orc_gardens, grunt_orc_garden, grunt_orc_garden,
          grunt_orc_garden, grunt_orc_garden, nicolae_orc_pool_cavern,
          nicolae_orc_bridge_out
Lab:      labyrinth_watery, nicolae_lab_hexagon
Sewer:    sewer_the_crocodile
IceCv:    ice_cave_caverns_01
